 Dungeon Crawl Stone Soup version 0.27.0-65-ge2af304b15 (webtiles) character file.

Game seed: 1203582694183999875

867 Loul the Thaumaturge (level 7, -3/37 HPs)
             Began as a Deep Elf Conjurer on Aug 18, 2021.
             Slain by a yak (7 damage)
             ... on level 5 of the Dungeon.
             The game lasted 00:39:32 (6379 turns).

Loul the Thaumaturge (Deep Elf Conjurer)            Turns: 6379, Time: 00:39:32

Health: -3/37      AC:  2    Str:  4    XL:     7   Next: 73%
Magic:  8/21       EV: 13    Int: 25    God:
Gold:   429        SH:  0    Dex: 13    Spells: 14/23 levels left

rFire    . . .     SeeInvis .   b - +0 mace
rCold    . . .     Faith    .   (no shield)
rNeg     . . .     Spirit   .   a - +0 robe
rPois    .         Reflect  .   (no helmet)
rElec    .         Harm     .   (no cloak)
rCorr    .         Rampage  .   (no gloves)
Will     .....                  (no boots)
Stlth    +++.......             C - amulet of regeneration
HPRegen  1.12/turn              (no ring)
MPRegen  0.17/turn              (no ring)

@: no status effects
A: no striking features
a: no special abilities


You were on level 5 of the Dungeon.
You visited 1 branch of the dungeon, and saw 5 of its levels.
You also visited: Ossuary.

You collected 429 gold pieces.

Inventory:

Hand Weapons
 b - a +0 mace (weapon)
 k - a +0 hunting sling
 A - a +0 whip
Missiles
 d - 13 arrows
 g - 118 stones
 j - 39 sling bullets
 p - 17 poisoned darts
Armour
 a - a +0 robe (worn)
 c - a +0 leather armour of poison resistance
 f - a +0 helmet
 l - a +0 scale mail
 n - a +0 robe
 r - a +0 robe
 y - a +0 ring mail
Jewellery
 C - an amulet of regeneration (around neck)
Scrolls
 h - 2 scrolls of teleportation
 i - a scroll of magic mapping {unknown}
 s - 2 scrolls of identify
 t - a scroll of enchant weapon {unknown}
 v - a scroll of enchant armour {unknown}
 B - a scroll of immolation {unknown}
Potions
 e - a potion of haste {unknown}
 m - 2 potions of lignification {unknown}
 o - 4 potions of attraction {unknown}
 q - 5 potions of curing
 u - a potion of ambrosia {unknown}
 w - a potion of mutation {unknown}
 x - a potion of might {unknown}
 z - 3 potions of heal wounds {unknown}


   Skills:
 + Level 0.4 Fighting
 + Level 3.3 Dodging
 + Level 4.4 Stealth
 + Level 8.7 Spellcasting
 + Level 7.0 Conjurations


You had 14 spell levels left.
You knew the following spells:

 Your Spells              Type           Power      Damage    Failure   Level
a - Magic Dart            Conj           100%       1d8       1%          1
b - Searing Ray           Conj           92%        3d6       1%          2
c - Teleport Other        Tloc           10%        N/A       17%         3
d - Mephitic Cloud        Conj/Pois/Air  22%        N/A       6%          3

Your spell library contained the following spells:

 Spells                   Type           Power      Damage    Failure   Level
 Shock                    Conj/Air       100%       1d9       1%          1
 Dazzling Flash           Conj/Hex       56%        N/A       4%          3
 Fulminant Prism          Conj/Hex       14%        3d9       13%         4
 Iskenderun's Mystic Bla  Conj/Tloc      28%        2d7       13%         4
 Gell's Gravitas          Tloc           5%         N/A       17%         3
 Ignite Poison            Fire/Tmut/Pois 10%        N/A       17%         3
 Swiftness                Air            10%        N/A       17%         3
 Airstrike                Air            5%         N/A       50%         4
 Bolt of Magma            Conj/Fire/Erth 11%        4d7       52%         5
 Dispersal                Tloc           5%         N/A       100%        6


Dungeon Overview and Level Annotations

Branches:
Dungeon (5/15)            Ossuary (visited)
 Temple: D:4-7

Altars:


Message History

(Press . to maintain the ray.)
Your Stealth skill increases to level 4!
Restarting spell: Searing Ray (safe; 1% risk of failure)
Press: ? - help, Q - select action, (/) - cycle Shift-Dir - straight line, f/p - yak
Aim: a yak (moderately wounded, 89% to hit)
The searing ray hits the yak.
The yak is severely wounded.
The searing ray hits the yak.
The yak is severely wounded.
The searing ray hits the yak!
The yak is heavily wounded. (Press . to maintain the ray.) Restarting spell: Searing Ray (safe; 1% risk of failure)
Press: ? - help, Q - select action, (/) - cycle Shift-Dir - straight line, f/p - yak
Aim: a yak (heavily wounded, 89% to hit)
The searing ray hits the yak!
The yak is almost dead.
The searing ray hits the yak!
The yak is almost dead.
The searing ray hits something! (Press . to maintain the ray.)
The yak gores you! x2
Restarting spell: Searing Ray (safe; 1% risk of failure)
Press: ? - help, Q - select action, (/) - cycle Shift-Dir - straight line, f/p - yak
Aim: a yak (almost dead, 89% to hit)
The searing ray hits the yak!
You kill the yak!
The searing ray hits the yak!
You kill the yak!
The searing ray hits the iguana.
The iguana is moderately wounded. (Press . to maintain the ray.)
The yak gores you!
* * * LOW HITPOINT WARNING * * *
Your Spellcasting skill increases to level 8!
Your Conjurations skill increases to level 7!
You feel better. The iguana bites you.
* * * LOW HITPOINT WARNING * * *
The yak gores you!
You die...

.... .. P. ..........
. #.##..##..... . .P
..#P..#.$.# .. ..
.........#..####. #.
#P..............
..##.
#......###.....#
...P.P#<....{#Y.....#
............ll@.#
...ยง........#####
.#.......[..#
#.#....<...# #.
#.......## #
.........#
.....###.l. ....#
#..<.


You could see a yak and 2 iguanas.

Vanquished Creatures
  2 yaks (D:5)
  A phantom (D:4)
  2 hounds
  Jessica (D:3)
  4 iguanas (D:4)
  Natasha (twice) (D:4)
  9 mummies
  6 adders
  A white imp (D:4)
  An adder skeleton (D:4)
  2 worms (D:2)
  2 dart slugs
  4 orcs
  4 bats
  7 endoplasms
  3 giant cockroaches
  3 goblins
  5 hobgoblins
  4 jackals
  3 kobolds
  7 quokkas
  6 ball pythons
  7 frilled lizards
  2 gnoll zombies (Ossuary)
  4 hobgoblin zombies (Ossuary)
  A kobold zombie (Ossuary)
  An orc zombie (Ossuary)
  8 rats
102 creatures vanquished.

Notes
Turn   | Place    | Note
-------+----------+-------------------------------------------
     0 | D:1      | Loul the Deep Elf Conjurer began the quest for the Orb.
     0 | D:1      | Reached XP level 1. HP: 10/10 MP: 6/6
   186 | D:1      | Found a faded altar of an unknown god.
   444 | D:1      | Reached XP level 2. HP: 15/15 MP: 5/8
   447 | D:1      | Learned a level 2 spell: Searing Ray
  1231 | D:1      | Reached skill level 5 in Conjurations
  1494 | D:2      | Reached XP level 3. HP: 19/19 MP: 3/9
  2435 | D:2      | Reached XP level 4. HP: 18/24 MP: 6/11
  3106 | D:3      | Noticed Jessica
  3111 | D:3      | Killed Jessica
  3112 | D:3      | Reached skill level 4 in Spellcasting
  3304 | D:3      | Learned a level 3 spell: Teleport Other
  3758 | D:3      | Reached XP level 5. HP: 28/28 MP: 4/13
  4146 | D:4      | Noticed Natasha
  4149 | D:4      | Killed Natasha
  4150 | D:4      | Reached skill level 5 in Spellcasting
  4381 | D:4      | Found a sand-covered staircase.
  4390 | Ossuary  | Entered an ossuary
  4568 | Ossuary  | Reached skill level 6 in Spellcasting
  4571 | Ossuary  | Reached XP level 6. HP: 32/32 MP: 3/17
  4832 | Ossuary  | Learned a level 3 spell: Mephitic Cloud
  5052 | D:4      | Reached skill level 7 in Spellcasting
  5928 | D:4      | Noticed Natasha
  5934 | D:4      | Killed Natasha
  5950 | D:4      | Reached XP level 7. HP: 37/37 MP: 14/20
  6363 | D:5      | Entered Level 5 of the Dungeon
  6363 | D:5      | Noticed a yak
  6363 | D:5      | Noticed a yak
  6363 | D:5      | Noticed a yak
  6378 | D:5      | Killed a yak
  6378 | D:5      | Killed a yak
  6379 | D:5      | Reached skill level 8 in Spellcasting
  6379 | D:5      | Slain by a yak

Illustrated notes

Levels and vault maps discovered:
D:1:      ncdulo_smallfort, layout_basic, ebering_ecumenical_altar_hall,
          corexii_corridor_pit, chequers_serial_rivers_small_3,
          minmay_misc_feat_roman, hangedman_decor_riveting
D:2:      cheibrodos_helix_gallery, layout_loops_corners,
          chequers_serial_rivers_small_3
D:3:      layout_basic, serial_rivers, chequers_serial_rivers_marsh,
          chequers_serial_rivers_micro_e, chequers_serial_rivers_micro_e,
          chequers_serial_rivers_micro_e, minmay_misc_feat_iff, uniq_jessica
D:4:      layout_basic, gup_ossuary_entry_pyramid, uniq_natasha
D:5:      layout_cave_pools, mainiacjoe_overflow_concentric_impassable,
          minmay_temple_entry_gardened_gates, uniq_menkaure, uniq_blork_the_orc

Skill      XL: |  1  2  3  4  5  6  7 |
---------------+----------------------+-----
Conjurations   | 5 6 7 |  7.0
Dodging        | 3 |  3.3
Stealth        | 3 4 |  4.4
Spellcasting   | 4 6 7 8 |  8.7
Fighting       | |  0.4

Action                   |  1- 3 |  4- 6 |  7- 9 || total
-------------------------+-------+-------+-------++-------
Melee: Mace              |    18 |     1 |       ||    19
 Cast: Magic Dart        |    16 |       |       ||    16
       Searing Ray       |    41 |    87 |    14 ||   142
  Use: Scroll            |       |     2 |       ||     2
       Potion            |       |       |     1 ||     1
Armor: Robe              |     6 |     3 |       ||     9
Dodge: Dodged            |    24 |    15 |     2 ||    41
